Map: Blueshift LE

Players

WinterSC - Winner!

  • Race: Protoss Protoss
  • League: Master
  • Spawn Location: 7:00

VOD

Have the link to the VOD?

Description

Time

  • Played on: Oct. 2, 2018, 9:37 p.m.
  • Length: 10:24
Show
View Real Time Build Order
Export as new Build Order

WinterSC Protoss - Winner!

Build Orders: 1 Gate Expand, Archon Immortal 

Get SALT Encoding   

  12  0:04  Probe  
  12  0:16  Probe  
  12  0:19  Pylon  
  12  0:28  Probe  
  12  0:39  Probe  
  12  0:43  Gateway  
  12  0:47  Probe  
  12  0:48  Assimilator  
  12  0:55  Probe  
  12  1:07  Probe  
  12  1:19  Probe  
  12  1:28  Nexus  
  12  1:37  Cybernetics Core  
  12  1:39  Probe  
  12  1:47  Assimilator  
  12  1:51  Probe  
  12  1:59  Pylon  
  12  2:03  Probe  
  12  2:14  Adept  
  12  2:17  Probe  
  12  2:18  Warp Gate  
  12  2:31  Robotics Facility  
  12  2:32  Probe  
  12  2:41  Probe  
  12  2:44  Probe  
  12  2:53  Probe, Adept  
  12  2:57  Probe  
  12  3:00  Shield Battery  
  12  3:05  Probe  
  12  3:09  Probe  
  12  3:17  Probe  
  12  3:18  Observer  
  12  3:21  Probe  
  12  3:29  Sentry, Probe  
  12  3:33  Probe  
  12  3:38  Gateway  
  12  3:40  Gateway  
  12  3:47  Immortal  
  12  3:56  Pylon  
  12  4:14  Probe x2  
  12  4:15  Twilight Council  
  12  4:17  Sentry  
  12  4:18  Pylon  
  12  4:20  Assimilator  
  12  4:24  Assimilator  
  12  4:26  Probe x2  
  12  4:36  Immortal  
  12  4:38  Probe x2  
  12  4:45  Pylon  
  12  4:50  Probe x2  
  12  4:52  Charge  
  12  5:02  Probe x2  
  12  5:07  Nexus  
  12  5:10  Pylon  
  12  5:14  Probe  
  12  5:19  Sentry  
  12  5:21  Probe  
  12  5:25  Immortal  
  12  5:35  Probe  
  12  5:39  Forge  
  12  5:41  Probe  
  12  5:50  Gateway x2  
  12  5:52  Gateway  
  12  5:54  Gateway, Probe  
  12  5:56  Gateway, Probe  
  12  5:59  Protoss Ground Weapons Level 1  
  12  6:09  Shield Battery  
  12  6:14  Probe x2  
  12  6:15  Immortal  
  12  6:19  Templar Archives  
  12  6:20  Probe  
  12  6:26  Probe  
  12  6:28  Probe  
  12  6:37  Probe  
  12  6:43  Probe  
  12  6:46  Probe  
  12  6:51  Probe  
  12  6:54  Gateway  
  12  6:55  Probe  
  12  6:56  High Templar x2  
  12  6:58  Probe  
  12  7:03  Pylon  
  12  7:06  Pylon  
  12  7:11  Pylon, Archon  
  12  7:14  Pylon  
  12  7:21  Probe x3, Immortal  
  12  7:26  Pylon  
  12  7:30  High Templar  
  12  7:31  High Templar  
  12  7:32  High Templar x2  
  12  7:33  Probe x3  
  12  7:34  Zealot x4  
  12  7:44  Photon Cannon  
  12  7:45  Probe x2  
  12  7:47  Photon Cannon  
  12  7:51  Protoss Ground Weapons Level 2  
  12  7:52  Photon Cannon  
  12  7:54  Pylon  
  12  7:55  Archon x2  
  12  7:56  Pylon  
  12  7:59  Robotics Facility, Probe  
  12  8:01  Observer  
  12  8:07  Zealot  
  12  8:08  Zealot  
  12  8:11  High Templar x2  
  12  8:12  Probe  
  12  8:14  Assimilator  
  12  8:16  Archon  
  12  8:17  Immortal  
  12  8:19  Assimilator, Pylon  
  12  8:21  Pylon  
  12  8:23  Probe  
  12  8:26  Zealot  
  12  8:27  Zealot x5  
  12  8:36  Pylon  
  12  8:37  Pylon  
  12  8:38  Pylon, Immortal  
  12  8:40  Pylon  
  12  8:43  High Templar  
  12  8:44  High Templar  
  12  8:50  Nexus  
  12  8:53  Pylon  
  12  8:54  Archon  
  12  8:57  Pylon  
  12  9:15  High Templar x2  
  12  9:16  Zealot  
  12  9:17  Zealot x6  
  12  9:20  Archon  
  12  9:25  Immortal x2  
  12  9:37  Photon Cannon  
  12  9:39  Stalker  
  12  9:40  Stalker x3  
  12  9:45  Zealot x3  
  12  9:56  Zealot  
Tags
 
Add a new tag
Caveats
  • Supply blocks, unpowered buildings, or Contaminate may cause inaccurate times.
  • Supply counts are checked every 10 seconds.